 Dungeon Crawl Stone Soup version 0.18-a0-1312-gf98331d (webtiles) character file.

5 Reinor the Ducker (level 1, 0/11 HPs)
             Began as a Spriggan Abyssal Knight on Feb 14, 2016.
             Was an Initiate of Lugonu.
             Slain by a hobgoblin
             ... wielding a +0 club
              (6 damage)
             ... on level 1 of the Dungeon.
             The game lasted 00:00:59 (261 turns).

Reinor the Ducker (Spriggan Abyssal Knight)          Turns: 261, Time: 00:00:59

Health: 0/11       AC:  2    Str:  8    XL:     1   Next: 66%
Magic:  3/3        EV: 18    Int: 13    God:    Lugonu [......]
Gold:   0          SH:  0    Dex: 15    Spells: 0 memorised, 0 levels left

rFire  . . .     SeeInvis +     a - +1 short sword
rCold  . . .     Gourm    .     b - +0 robe
rNeg   . . .     Faith    .     (shield restricted)
rPois  .         Spirit   .     (helmet restricted)
rElec  .         Dismiss  .     (no cloak)
rCorr  .         Reflect  .     (gloves unavailable)
SustAt .         Harm     .     (boots unavailable)
MR     .....                    (no amulet)
Stlth  +.........               (no ring)
                                (no ring)

@: very quick, not resistant to hostile enchantments, very unstealthy
A: unfitting armour, see invisible, herbivore 3, speed 3, slow metabolism 2
a: Renounce Religion


You were on level 1 of the Dungeon.
You worshipped Lugonu.
Lugonu was noncommittal.
You were not hungry.

You visited 1 branch of the dungeon, and saw 1 of its levels.
You visited the Abyss 1 time.

Inventory:

Hand Weapons
 a - a +1 short sword (weapon)
Armour
 b - a +0 robe (worn)
Scrolls
 e - a scroll of teleportation {unknown}
 f - a scroll of fear {unknown}
Potions
 d - a potion of resistance
Comestibles
 c - 3 bread rations


   Skills:
 - Level 2.4 Fighting
 + Level 2.2 Short Blades
 - Level 3.8 Dodging
 + Level 0.0 Stealth
 - Level 2.0 Invocations


You couldn't memorise any spells.
You didn't know any spells.

Dungeon Overview and Level Annotations

Branches:
Dungeon (1/15)

Altars:


Innate Abilities, Weirdness & Mutations

You are tiny and cannot use many weapons and most armour.
You have supernaturally acute eyesight.
You are an herbivore.
You cover ground extremely quickly.
You need consume almost no food.


Message History

The hobgoblin shouts!
Found a robe.
A kobold comes into view.
The kobold shouts!
You hit the hobgoblin.
The hobgoblin is lightly wounded.
You hit the hobgoblin but do no damage.
The hobgoblin is lightly wounded.
The hobgoblin hits you with a club.
You hit the hobgoblin but do no damage.
The hobgoblin is lightly wounded.
The hobgoblin hits you with a club.
You barely miss the hobgoblin.
The hobgoblin is lightly wounded.
The hobgoblin hits you but does no damage.
You barely miss the hobgoblin.
The hobgoblin is lightly wounded.
The hobgoblin hits you with a club.
Ouch! That really hurt!
You die...

#.##### ## ...... ..
....# ##.## #...# ....
#...# ###..## ## #...#
..... #..[
#.#.#...#####.#####.....
...................K....
#.#.#.#.#####...@g....#
# #.### ###########
#.#.### #.# ####
#.##..####'####..#
#######.####..'...'..###
........# ####.<.####
#######.####..'...'..#
#.##..####'####..#
#.#)### #.# .#


You could see a hobgoblin and a kobold.

Vanquished Creatures
  An ooze (D:1)
  A kobold (D:1)
2 creatures vanquished.

Notes
Turn   | Place    | Note
--------------------------------------------------------------
     0 | Abyss:1  | Reinor the Spriggan Abyssal Knight began the quest for the Orb.
     0 | Abyss:1  | Reached XP level 1. HP: 11/11 MP: 3/3
    21 | Abyss:1  | Found a corrupted altar of Lugonu.
   106 | Abyss:1  | Noticed a large abomination
   121 | Abyss:1  | Noticed a large abomination
   125 | Abyss:1  | Noticed a spatial vortex
   126 | Abyss:1  | Noticed a hell hound
   129 | Abyss:1  | Noticed a spatial vortex
   132 | Abyss:1  | Noticed a spatial vortex
   132 | Abyss:1  | Noticed a spatial vortex
   133 | Abyss:1  | Noticed a spatial vortex
   136 | Abyss:1  | Noticed a spatial vortex
   137 | Abyss:1  | Noticed a large abomination
   138 | Abyss:1  | Noticed a spatial vortex
   145 | Abyss:1  | Noticed a large abomination
   170 | Abyss:1  | Noticed an iron imp
   171 | Abyss:1  | Noticed a spatial vortex
   175 | D:1      | Escaped the Abyss
   261 | D:1      | Slain by a hobgoblin

Vault maps used:
D:1:      dpeg_arrival_radiant

Action                   || total
-------------------------++-------
Melee: Short sword       ||    11
Invok: Depart the Abyss  ||     1
  Use: Scroll            ||     1
 Stab: Sleeping          ||     1
